 Dungeon Sprint DCSS version 0.23-a0-295-g2e428d4 (webtiles) character file.

16702 emperorscorpion the Impaler (level 12, -9/121 HPs)
             Began as a Naga Skald on Oct 4, 2018.
             Was the Champion of Cheibriados.
             Mangled by an iron troll (12 damage)
             ... in the Dungeon (Sprint IX: "|||||||||||||||||||||||||||||").
             The game lasted 00:09:45 (754 turns).

emperorscorpion the Impaler (Naga Skald)             Turns: 754, Time: 00:09:46

Health: -9/121     AC: 21    Str: 32    XL:     12   Next: 40%
Magic:  20/24      EV: 15    Int: 30    God:    Cheibriados [******]
Gold:   1250       SH:  0    Dex: 29    Spells: 19/28 levels left

rFire    . . .     SeeInvis +   a - +2 halberd (protect)
rCold    . . .     Gourm    .   (shield currently unavailable)
rNeg     . . .     Faith    .   t - +1 scale mail
rPois    +         Spirit   .   r - +0 helmet
rElec    .         Reflect  .   (no cloak)
rCorr    .         Harm     .   G - +0 pair of gloves
MR       +....     NoTele   +   (no barding)
Stlth    +++.......             (no amulet)
HPRegen  0.30/turn              u - +2 ring of protection
MPRegen  0.19/turn              v - +3 ring of strength

@: protection aura, very slow
A: large, see invisible, deformed body, poison resistance, slowness 2, slow
metabolism 1, spit poison 1, AC +4
a: Spit Poison, Bend Time, Temporal Distortion, Slouch, Step From Time, Renounce
Religion


You were in the Dungeon.
You worshipped Cheibriados.
Cheibriados was exalted by your worship.
You were hungry.

You visited 1 branch You collected 1250 gold pieces.

Inventory:

Hand Weapons
 a - a +2 halberd of protection (weapon)
 b - a cursed -3 trident
 q - a +0 spear
 w - a +0 shortbow
 I - a +2 flail of protection
 J - a +0 glaive
Missiles
 k - 3 tomahawks (quivered)
 x - 11 arrows
Armour
 i - a +0 leather armour
 r - a +0 helmet (worn)
 s - a +0 pair of boots
 t - a +1 scale mail (worn)
 C - a +1 hat of intelligence
 G - a +0 pair of gloves (worn)
 H - a +0 pair of boots
 K - a +0 plate armour
Magical Staves
 c - an uncursed staff of energy
Jewellery
 u - a +2 ring of protection (left hand)
 v - a +3 ring of strength (right hand)
 D - an uncursed ring of fire
Wands
 o - a wand of iceblast (9)
Scrolls
 j - 3 scrolls of blinking
 m - 4 scrolls of remove curse
 n - 2 scrolls of amnesia
 A - 2 scrolls of identify
 B - a scroll of fear
Potions
 e - 5 potions of curing
 f - 3 potions of heal wounds
 g - 3 potions of haste
 h - 2 potions of magic
 l - a potion of invisibility
 p - a potion of agility
 z - a potion of might
 E - a potion of lignification
 F - a potion of mutation
Miscellaneous
 y - a phial of floods
Comestibles
 d - 11 rations


   Skills:
 + Level 11.7 Fighting
 + Level 16.3 Polearms
 + Level 7.4 Armour
 + Level 6.9 Dodging
 - Level 5.3 Stealth
 - Level 8.5 Spellcasting
 - Level 4.7 Hexes
 - Level 11.1 Charms
 - Level 4.7 Necromancy
 - Level 3.2 Translocations
 * Level 13.3 Invocations
 + Level 4.8 Evocations


You had 19 spell levels left.
You knew the following spells:

 Your Spells              Type           Power        Failure   Level  Hunger
a - Infusion              Chrm           ####         1%          1    None
c - Shroud of Golubria    Chrm/Tloc      ######....   1%          2    None
r - Regeneration          Chrm/Necr      ######....   1%          3    None
w - Spectral Weapon       Hex/Chrm       ######..     1%          3    None

Your spell library contained the following spells:

 Spells                   Type           Power        Failure   Level  Hunger
 Song of Slaying          Chrm           ######..     1%          2    None


Dungeon Overview and Level Annotations

Branches:
Dungeon (1/1)

Altars:
Cheibriados
Dithmenos
Elyvilon
Fedhas
Gozag
Hepliaklqana
Kikubaaqudgha
Makhleb
Nemelex Xobeh
Okawaru
Qazlal
Ru
Sif Muna
Trog
Uskayaw
Vehumet
Wu Jian
Xom
Yredelemnul
Zin
The Shining One
Beogh
Jiyva
Lugonu

Shops:
D =


Innate Abilities, Weirdness & Mutations

You cannot wear boots.
Your serpentine skin is tough. (AC +4)
You have supernaturally acute eyesight. (SInv)
Armour fits poorly on your strangely shaped body.
Your system is resistant to poisons. (rPois)
You cover ground very slowly.
You have a slow metabolism.
You can spit poison.


Message History

The iron troll is heavily wounded.
Your spectral weapon hits the iron troll but does no damage.
You hit the iron troll.
The iron troll is heavily wounded.
Your spectral weapon hits the iron troll from afar!
The iron troll bites you!
* * * LOW HITPOINT WARNING * * *
The iron troll claws you but does no damage. x2
Unknown command.
You impale the iron troll!!
The iron troll is severely wounded.
Your spectral weapon hits the iron troll but does no damage.
A troll comes into view.
You hit the iron troll but do no damage.
The iron troll is severely wounded.
Your spectral weapon hits the iron troll from afar.
The iron troll bites you!
* * * LOW HITPOINT WARNING * * *
The iron troll barely misses you. The iron troll claws you!
You die...

▓▓▓▓▓▓▓▓▓▓▓▓▓▓▓▓▓▓▓▓▓▓▓▓
T∩$[C[T@()...)†)..)))...
▓▓▓▓▓▓▓▓▓▓▓▓▓▓▓▓▓▓▓▓▓▓▓▓▓▓▓▓▓▓▓▓▓
.................................
▓▓▓▓▓▓▓▓▓▓▓▓▓▓▓▓▓▓▓▓▓▓▓▓▓▓▓▓▓▓▓▓▓
..'...)........†.......÷.†.......
▓▓▓▓▓▓▓▓▓▓▓▓▓▓▓▓▓▓▓▓▓▓▓▓▓▓▓▓▓▓▓▓▓
.................................
▓▓▓▓▓▓▓▓▓▓▓▓▓▓▓▓▓▓▓▓▓▓▓▓▓▓▓▓▓▓▓▓▓
....)†(....)...'_________________


You could see an iron troll, an ettin, a troll and a friendly spectral halberd
of protection.

Vanquished Creatures
  Gastronok (D)
  A dire elephant (D)
  An ogre mage (D)
  A catoblepas (D)
  An orc high priest (D)
  A skeletal warrior (D)
  An iron troll (D)
  An unseen horror (D)
  4 deep trolls (D)
  2 orc knights (D)
  2 orc sorcerers (D)
  7 elephants (D)
  2 spiny frogs (D)
  A komodo dragon (D)
  A polar bear (D)
  2 trolls (D)
  5 hippogriffs (D)
  2 yaks (D)
  A wyvern (D)
  A soldier ant (D)
  2 water moccasins (D)
  2 porcupines (D)
  8 orc warriors (D)
  A phantom (D)
  A centaur (D)
  2 crocodiles (D)
  A bullfrog (D)
  A jelly (D)
  3 orc priests (D)
  3 orc wizards (D)
  A worker ant (D)
  An adder skeleton (D)
  An adder zombie (D)
  A leopard gecko (D)
  8 orcs (D)
  2 goblins (D)
  2 quokkas (D)
  A giant cockroach zombie (D)
  3 rats (D)
  A spectral weapon (D)
83 creatures vanquished.

Vanquished Creatures (others)
  4 spectral weapons (D)
4 creatures vanquished.

Grand Total: 87 creatures vanquished

Notes
Turn   | Place    | Note
-------+----------+-------------------------------------------
     0 | D        | emperorscorpion the Naga Skald began the quest for the Orb.
     0 | D        | Reached XP level 1. HP: 19/19 MP: 3/3
    22 | D        | Noticed a phantom
    22 | D        | Noticed a worker ant
    27 | D        | Reached skill level 1 in Armour
    27 | D        | Reached XP level 2. HP: 24/27 MP: 5/5
    33 | D        | Reached skill level 3 in Polearms
    33 | D        | Reached XP level 3. HP: 24/33 MP: 7/7
    36 | D        | Reached skill level 5 in Charms
    43 | D        | Killed a phantom
    43 | D        | Reached skill level 4 in Polearms
    43 | D        | Reached XP level 4. HP: 28/43 MP: 9/9
    43 | D        | Reached XP level 5. HP: 32/49 MP: 10/10
    51 | D        | Found a roughly hewn altar of Beogh.
    51 | D        | Found a snail-covered altar of Cheibriados.
    51 | D        | Found a shadowy altar of Dithmenos.
    51 | D        | Found a white marble altar of Elyvilon.
    51 | D        | Found a blossoming altar of Fedhas.
    51 | D        | Found an opulent altar of Gozag.
    52 | D        | Found a hazy altar of Hepliaklqana.
    53 | D        | Found a viscous altar of Jiyva.
    54 | D        | Found an ancient bone altar of Kikubaaqudgha.
    55 | D        | Became a worshipper of Cheibriados the Contemplative
    60 | D        | Learned a level 3 spell: Regeneration
    65 | D        | Learned a level 3 spell: Spectral Weapon
    68 | D        | Learned a level 2 spell: Shroud of Golubria
    68 | D        | Found a corrupted altar of Lugonu.
    69 | D        | Found a burning altar of Makhleb.
    70 | D        | Found a sparkling altar of Nemelex Xobeh.
    71 | D        | Found an iron altar of Okawaru.
    72 | D        | Found a stormy altar of Qazlal.
    73 | D        | Found a sacrificial altar of Ru.
    74 | D        | Found a deep blue altar of Sif Muna.
    75 | D        | Found a bloodstained altar of Trog.
    76 | D        | Found a hide-covered altar of Uskayaw.
    77 | D        | Found a radiant altar of Vehumet.
    78 | D        | Found an ornate altar of the Wu Jian Council.
    79 | D        | Found a shimmering altar of Xom.
    80 | D        | Found a basalt altar of Yredelemnul.
    81 | D        | Found a glowing silver altar of Zin.
    82 | D        | Found a glowing golden altar of the Shining One.
   122 | D        | Noticed an orc warrior
   122 | D        | Noticed a centaur
   122 | D        | Noticed a soldier ant
   123 | D        | Reached skill level 5 in Polearms
   129 | D        | Reached * piety under Cheibriados
   130 | D        | Killed a soldier ant
   130 | D        | Reached skill level 6 in Polearms
   130 | D        | Reached skill level 1 in Stealth
   130 | D        | Reached skill level 1 in Hexes
   130 | D        | Reached XP level 6. HP: 40/58 MP: 2/12
   134 | D        | Reached ** piety under Cheibriados
   140 | D        | Killed an orc warrior
   140 | D        | Reached *** piety under Cheibriados
   140 | D        | Reached skill level 5 in Fighting
   140 | D        | Reached skill level 7 in Polearms
   140 | D        | Reached XP level 7. HP: 34/67 MP: 1/14
   176 | D        | Noticed a skeletal warrior
   176 | D        | Noticed a hippogriff
   176 | D        | Noticed an unseen horror
   176 | D        | Noticed a hippogriff
   177 | D        | Killed a hippogriff
   177 | D        | Reached skill level 5 in Spellcasting
   177 | D        | Reached skill level 1 in Necromancy
   177 | D        | Reached skill level 1 in Evocations
   192 | D        | Killed an unseen horror
   192 | D        | Reached **** piety under Cheibriados
   192 | D        | Reached skill level 8 in Polearms
   192 | D        | Reached skill level 5 in Stealth
   192 | D        | Reached skill level 1 in Translocations
   192 | D        | Reached XP level 8. HP: 59/76 MP: 2/17
   200 | D        | Killed a hippogriff
   206 | D        | Killed a skeletal warrior
   206 | D        | Reached skill level 9 in Polearms
   206 | D        | Reached skill level 10 in Charms
   206 | D        | Reached XP level 9. HP: 76/85 MP: 13/19
   330 | D        | Noticed a spiny frog
   330 | D        | Noticed a komodo dragon
   336 | D        | Killed a komodo dragon
   336 | D        | Reached ***** piety under Cheibriados
   336 | D        | Reached skill level 5 in Dodging
   336 | D        | Reached skill level 5 in Invocations
   341 | D        | Killed a spiny frog
   341 | D        | Reached skill level 10 in Polearms
   351 | D        | Reached ****** piety under Cheibriados
   370 | D        | Noticed a catoblepas
   370 | D        | Noticed a spiny frog
   370 | D        | Noticed a polar bear
   397 | D        | Killed a polar bear
   397 | D        | Reached XP level 10. HP: 53/94 MP: 15/21
   397 | D        | Reached skill level 11 in Polearms
   398 | D        | Killed a catoblepas
   398 | D        | Reached skill level 5 in Armour
   398 | D        | Killed a spiny frog
   406 | D        | Reached skill level 12 in Polearms
   441 | D        | Noticed an elephant
   441 | D        | Noticed an elephant
   441 | D        | Noticed an elephant
   441 | D        | Noticed an elephant
   441 | D        | Noticed an elephant
   441 | D        | Noticed a dire elephant
   446 | D        | Noticed an elephant
   453 | D        | Killed a dire elephant
   456 | D        | Killed an elephant
   458 | D        | Noticed an elephant
   460 | D        | Killed an elephant
   460 | D        | Reached XP level 11. HP: 52/104 MP: 8/23
   466 | D        | Reached skill level 13 in Polearms
   466 | D        | Reached skill level 10 in Invocations
   531 | D        | Noticed Gastronok
   540 | D        | Killed Gastronok
   540 | D        | Reached skill level 14 in Polearms
   620 | D        | Reached skill level 10 in Fighting
   662 | D        | Noticed an orc knight
   662 | D        | Noticed an orc high priest
   665 | D        | Noticed an orc knight
   668 | D        | Killed an orc high priest
   671 | D        | Killed an orc knight
   673 | D        | Killed an orc knight
   673 | D        | Noticed an orc sorcerer
   674 | D        | Noticed an orc sorcerer
   678 | D        | Killed an orc sorcerer
   678 | D        | Reached skill level 15 in Polearms
   688 | D        | Paralysed by an orc sorcerer for 4 turns
   694 | D        | Killed an orc sorcerer
   694 | D        | Reached XP level 12. HP: 120/120 MP: 12/24
   709 | D        | Found Qoemniz's Jewellery Boutique.
   709 | D        | Noticed an ogre mage
   713 | D        | Noticed an iron troll
   721 | D        | Killed an ogre mage
   729 | D        | Killed an iron troll
   729 | D        | Reached skill level 16 in Polearms
   738 | D        | Noticed an iron troll
   747 | D        | Noticed an ettin
   754 | D        | HP: 3/121 [iron troll (7)]
   754 | D        | Mangled by an iron troll

Vault maps used:
D:        linesprint

Skill      XL: |  1  2  3  4  5  6  7  8  9 10 11 12 |
---------------+-------------------------------------+-----
Armour         | 1 2 3 4 5 7 |  7.4
Charms         | 4 6 7 8 9 10 11 | 11.1
Polearms       | 3 4 6 7 8 9 10 12 15 16 | 16.3
Dodging        | 2 3 4 5 6 |  6.9
Fighting       | 3 4 5 6 7 8 11 | 11.7
Spellcasting   | 3 4 6 7 8 |  8.5
Stealth        | 1 2 5 |  5.3
Hexes          | 1 3 4 |  4.7
Necromancy     | 2 3 4 |  4.7
Evocations     | 2 3 4 |  4.8
Translocations | 1 2 3 |  3.2
Invocations    | 4 7 9 12 13 | 13.3

Action                   |  1- 3 |  4- 6 |  7- 9 | 10-12 || total
-------------------------+-------+-------+-------+-------++-------
Melee: Spear             |    23 |       |       |       ||    23
       Halberd           |       |    15 |    57 |   118 ||   190
 Cast: Regeneration      |       |     2 |     8 |     7 ||    17
       Spectral Weapon   |       |     1 |     4 |    10 ||    15
       Shroud of Golubri |       |       |     5 |     4 ||     9
Invok: Slouch            |       |       |       |     6 ||     6
 Abil: Spit Poison       |     4 |     1 |       |       ||     5
Evoke: Staff of energy   |       |       |     8 |     2 ||    10
       Wand              |       |       |     1 |       ||     1
       Phial of floods   |       |       |       |     1 ||     1
  Use: Potion            |     1 |       |     2 |     2 ||     5
 Stab: Sleeping          |       |     1 |     1 |       ||     2
       Petrified         |       |       |     5 |       ||     5
       Distracted        |       |       |       |     2 ||     2
  Eat: Chunk             |       |       |       |     1 ||     1
Armor: Leather armour    |     1 |     4 |    15 |       ||    20
       Scale mail        |       |       |     6 |    37 ||    43
Dodge: Dodged            |     4 |     5 |    39 |    46 ||    94

Table legend:
 A = Non-vault XP
 B = Vault XP
 C = Vault XP percentage of total XP
 D = Non-vault monster count
 E = Vault monster count
 F = Vault count percentage of total count
                 A         B        C        D         E       F
            +---------+---------+-------+---------+---------+-------
      Total |       0 |   23861 | 100.0 |       0 |      82 | 100.0
            +---------+---------+-------+---------+---------+-------
          D |       0 |   23861 | 100.0 |       0 |      82 | 100.0
            +---------+---------+-------+---------+---------+-------
